Map: [ESL] Data-C

Players

Astrea - Winner!

  • Race: Protoss Protoss
  • Spawn Location: 9:00

DisK

  • Race: Protoss Protoss
  • Spawn Location: 3:00

Event: DreamHack SC2 Masters 2022 Atlanta (Online)

VOD

Have the link to the VOD?

Description

Time

  • Played on: Oct. 7, 2022, 5:12 p.m.
  • Length: 5:02

All games in this series

Show
View Real Time Build Order
Export as new Build Order

Astrea Protoss - Winner!

Build Orders: Phoenix Opening 

Get SALT Encoding   

  12  0:00  Probe  
  13  0:12  Probe  
  14  0:17  Pylon  
  14  0:24  Probe (Chrono Boost)  
  15  0:36  Probe (Chrono Boost)  
  15  0:38  Gateway  
  16  0:44  Probe (Chrono Boost)  
  16  0:46  Assimilator  
  17  0:51  Probe  
  18  1:03  Probe  
  19  1:15  Probe (Chrono Boost), Pylon  
  19  1:17  Assimilator  
  20  1:25  Probe (Chrono Boost)  
  21  1:27  Cybernetics Core  
  21  1:29  Probe (Chrono Boost)  
  22  1:35  Zealot  
  24  1:41  Probe  
  25  1:53  Probe  
  26  2:06  Nexus  
  26  2:07  Probe  
  27  2:12  Warp Gate  
  27  2:14  Sentry  
  29  2:19  Probe  
  30  2:23  Pylon  
  30  2:32  Probe  
  31  2:41  Stalker  
  32  2:47  Robotics Facility  
  32  2:48  Phoenix, Probe  
  33  2:57  Shield Battery  
  33  3:00  Probe  
  34  3:11  Stalker  
  36  3:16  Probe (Chrono Boost)  
  36  3:18  Probe (Chrono Boost)  
  40  3:27  Probe (Chrono Boost)  
  40  3:28  Probe (Chrono Boost)  
  40  3:32  Immortal (Chrono Boost)  
  44  3:42  Shield Battery  
  44  3:53  Gateway  
  44  4:00  Shield Battery  
  44  4:01  Warp Prism (Chrono Boost)  
  44  4:14  Stalker  
  44  4:16  Pylon  
  46  4:26  Immortal (Chrono Boost)  
  46  4:28  Shield Battery  
  50  4:42  Stalker  
  52  4:49  Gateway, Stalker  
  54  4:53  Shield Battery  
Show
View Real Time Build Order
Export as new Build Order

DisK Protoss 

Build Orders:  

Get SALT Encoding   

  12  0:00  Probe  
  13  0:12  Probe  
  14  0:17  Pylon  
  14  0:24  Probe (Chrono Boost)  
  15  0:35  Gateway  
  15  0:38  Probe (Chrono Boost)  
  16  0:46  Probe (Chrono Boost)  
  16  0:47  Assimilator  
  17  0:52  Probe  
  17  0:55  Assimilator  
  18  1:04  Probe (Chrono Boost)  
  19  1:11  Gateway  
  19  1:15  Probe (Chrono Boost)  
  20  1:20  Probe (Chrono Boost)  
  21  1:26  Cybernetics Core  
  22  1:32  Probe  
  22  1:37  Pylon  
  22  1:45  Pylon  
  22  1:48  Probe  
  23  2:00  Probe  
  24  2:02  Stalker  
  24  2:04  Stalker  
  24  2:08  Warp Gate (Chrono Boost)  
  28  2:13  Probe  
  29  2:25  Pylon  
  29  2:34  Stalker  
  31  2:40  Pylon  
  31  2:44  Stalker  
  32  2:58  Gateway  
  32  3:02  Gateway  
  32  3:10  Shield Battery  
  32  3:36  Pylon  
  32  3:42  Stalker x2  
  35  3:53  Stalker  
  37  3:58  Stalker  
  37  4:14  Adept x2  
  39  4:17  Stalker  
  39  4:21  Stalker  
  43  4:38  Stalker x2  
  41  4:44  Stalker  
  41  4:50  Stalker  
Tags
 
Add a new tag
Caveats
  • Supply blocks, unpowered buildings, or Contaminate may cause inaccurate times.
  • Supply counts are checked every 10 seconds.